 Dungeon Crawl Stone Soup version 0.21.1-1-g345015f (webtiles) character file.

51 Iko the Skirmisher (level 3, -3/20 HPs)
             Began as a Vine Stalker Abyssal Knight on May 25, 2018.
             Was a Follower of Lugonu.
             Killed from afar by Kingsmith's ghost (6 damage)
             ... with a magic dart
             ... on level 4 of the Dungeon.
             The game lasted 00:07:23 (640 turns).

Iko the Skirmisher (Vine Stalker Abyssal Knight)     Turns: 640, Time: 00:07:24

Health: -3/20      AC:  7    Str: 14    XL:     3   Next: 83%
Magic:  0/5        EV: 10    Int: 13    God:    Lugonu [*.....]
Gold:   35         SH:  0    Dex: 13    Spells: 2/2 levels left

rFire    . . .     SeeInvis .   h - +0 flail (protect)
rCold    . . .     Gourm    .   (no shield)
rNeg     . . .     Faith    .   i - +0 ring mail
rPois    .         Spirit   +   (no helmet)
rElec    .         Reflect  .   (no cloak)
rCorr    .         Harm     .   (no gloves)
MR       .....                  d - +1 pair of boots
Stlth    ..........             e - amulet of regeneration
HPRegen  0.06/turn              a - ring of loudness (curse)
MPRegen  0.09/turn              (no ring)

@: no status effects
A: fangs 2, magic shield, antimagic bite, no potion heal 3, rot immunity
a: Depart the Abyss, Renounce Religion


You were on level 4 of the Dungeon.
You worshipped Lugonu.
Lugonu was aware of your devotion.
You were not hungry.

You visited 1 branch of the dungeon, and saw 4 of its levels.
You visited the Abyss 1 time.

You collected 35 gold pieces.

Inventory:

Hand Weapons
 h - a +0 flail of protection (weapon)
Armour
 d - a +1 pair of boots (worn)
 i - a +0 ring mail (worn)
Jewellery
 a - a cursed ring of loudness (left hand)
 e - an amulet of regeneration (around neck)
Wands
 f - a wand of clouds (3)
 g - a wand of disintegration (13)
Scrolls
 b - 2 scrolls of fear
Comestibles
 c - 2 rations


   Skills:
 + Level 3.5 Fighting
   Level 1.8 Short Blades
 + Level 1.0 Maces & Flails
 + Level 1.8 Armour
 + Level 1.0 Dodging
 + Level 2.1 Invocations


You had 2 spell levels left.
You didn't know any spells.

Dungeon Overview and Level Annotations

Branches:
Dungeon (4/15)
 Temple: D:4-7

Altars:
Xom

Annotations:
D:4 Kingsmith's ghost, novice GnCj


Innate Abilities, Weirdness & Mutations

You have extremely sharp teeth.
When hurt, damage is shared between your health and your magic reserves.
Your bite disrupts and absorbs the magic of your enemies.
Potions cannot restore your health.
You are immune to rotting.


Message History

Found 22 stones.
Found 30 stones.
Kingsmith's ghost (novice Gnoll Conjurer) comes into view.
It is wielding a weapon of flaming.
Kingsmith's ghost moves out of view.
You don't know any spells.
Unknown command.
Aiming: Disintegrate
Press: ? - help, Shift-Dir - straight line, f - Kingsmith's ghost
Aim: Kingsmith's ghost, wielding a weapon of flaming (chance to defeat MR: 36%) Kingsmith's ghost easily resists.
Kingsmith's ghost gestures at you while chanting.
The magic dart hits you!
* * * LOW HITPOINT WARNING * * *
You miss Kingsmith's ghost.
You bite Kingsmith's ghost, but do no damage.
Kingsmith's ghost closely misses you.
You barely miss Kingsmith's ghost. Your bite misses Kingsmith's ghost.
Kingsmith's ghost gestures at you while chanting.
The magic dart hits you!
You die...

..# #..#
... #..
.( #.
######W##
.......@#
#######.#
#.## #..#
####.##
#.....#
#.....##
#......#
#....#.#


You could see Kingsmith's ghost.

Vanquished Creatures
  An adder (D:2)
  An ooze (D:3)
  A dart slug (D:1)
  2 leopard geckos (D:1)
  5 orcs (D:3)
  A bat (D:1)
  A giant cockroach (D:1)
  4 jackals (D:2)
  A quokka (D:2)
  3 frilled lizards
  4 goblins
  2 kobolds (D:1)
  3 rats
29 creatures vanquished.

Notes
Turn   | Place    | Note
-------+----------+-------------------------------------------
     0 | Abyss:1  | Iko the Vine Stalker Abyssal Knight began the quest for the Orb.
     0 | Abyss:1  | Reached XP level 1. HP: 11/11 MP: 3/3
    69 | Abyss:1  | Found a roughly hewn altar of Beogh.
   103 | Abyss:1  | Noticed a large abomination
   108 | Abyss:1  | Noticed an apocalypse crab
   112 | D:1      | Escaped the Abyss
   176 | D:1      | Found a shimmering altar of Xom.
   196 | D:1      | Reached skill level 3 in Fighting
   196 | D:1      | Reached XP level 2. HP: 15/16 MP: 2/4
   207 | D:1      | Reached * piety under Lugonu
   382 | D:2      | Reached XP level 3. HP: 13/20 MP: 2/5
   555 | D:3      | Reached skill level 1 in Dodging
   611 | D:3      | Reached skill level 1 in Maces & Flails
   636 | D:4      | Noticed Kingsmith's ghost (novice GnCj)
   640 | D:4      | Killed from afar by Kingsmith's ghost

Skill      XL: |  1  2  3 |
---------------+----------+-----
Fighting       | 3 |  3.5
Invocations    | 2 |  2.1
Dodging        | 1 |  1.0
Maces & Flails | 1 |  1.0
Short Blades   | |  1.8
Armour         | |  1.8

Action                   || total
-------------------------++-------
Melee: Short sword       ||    17
       Bite              ||    14
       Mace              ||    59
       Flail             ||     4
Invok: Depart the Abyss  ||     1
Evoke: Wand              ||     4
  Use: Scroll            ||     2
       Potion            ||     1
Armor: Leather armour    ||    25
       Ring mail         ||     1
Dodge: Dodged            ||    54
